 Dungeon Crawl Stone Soup version 0.24-a0-446-g87df7205b4 (webtiles) character file.

Game seed: 10662177740868948463

16317 drasked the Black Belt (level 12, -3/126 HPs)
             Began as a Troll Monk on June 23, 2019.
             Was the Champion of Jiyva.
             Succumbed to a wolf spider's poison
             ... on level 2 of the Lair of Beasts.
             The game lasted 00:52:57 (12676 turns).

drasked the Black Belt (Troll Monk)                Turns: 12676, Time: 00:52:58

Health: -3/126     AC:  9    Str: 10    XL:     12   Next: 9%
Magic:  20/20      EV: 11    Int:  9    God:    Jiyva [******]
Gold:   338        SH:  0    Dex: 27    Spells: 11/11 levels left

rFire    . . .     SeeInvis .     - Unarmed
rCold    + . .     Gourm    +   (no shield)
rNeg     + + .     Faith    .   f - +2 robe {rN+}
rPois    .         Spirit   .   (helmet restricted)
rElec    .         Reflect  .   p - +0 cloak
rCorr    +         Harm     .   (gloves unavailable)
MR       .....                  (boots unavailable)
Stlth    ++........             n - amulet of magic regeneration
HPRegen  0.71/turn              h - ring of magical power {MP+9}
MPRegen  0.42/turn              q - ring of positive energy {rN+}

@: lethally poisoned (-3 -> -76), flying
A: large, unfitting armour, antennae 1, claws 3, hooves 1, clever 1, cold
resistance 1, fast metabolism 3, gourmand, regeneration 1, shaggy fur 1, tough
skin 3, eyeballs 1, MP-powered wands
a: Request Jelly, Slimify, Cure Bad Mutation, Renounce Religion


You were on level 2 of the Lair of Beasts.
You worshipped Jiyva.
Jiyva was exalted by your worship.
You were very full.

You visited 3 branches of the dungeon, and saw 14 of its levels.
You also visited: Bailey.

You collected 338 gold pieces.

Inventory:

Armour
 f - a +2 robe of positive energy (worn)
   (You took it off an orc wizard on level 7 of the Dungeon)
 p - a +0 cloak (worn)
   (You found it on level 3 of the Dungeon)
Jewellery
 h - a ring of magical power (left claw) {MP+9}
   (You found it on level 1 of the Dungeon)
 n - an amulet of magic regeneration (around neck)
   (You found it on level 2 of the Dungeon)
 q - a ring of positive energy (right claw) {rN+}
   (You took it off an orc on level 3 of the Dungeon)
Wands
 j - a wand of paralysis (4)
   (You found it on level 8 of the Dungeon)
 l - a wand of acid (14)
   (You found it on level 9 of the Dungeon)
Scrolls
 a - 2 scrolls of blinking {!r}
 d - 4 scrolls of remove curse
 i - 4 scrolls of teleportation
 k - 2 scrolls of fog
Potions
 m - a potion of brilliance
Comestibles
 b - 13 rations


   Skills:
 + Level 10.0 Fighting
 - Level 2.4 Dodging
 - Level 1.0 Stealth
 * Level 15.6 Unarmed Combat


You had 11 spell levels left.
You didn't know any spells.
Your spell library contained the following spells:

 Spells                   Type           Power        Failure   Level  Hunger
 Flame Tongue             Conj/Fire      #....        38%         1    ##.....
 Throw Flame              Conj/Fire      #.....       52%         2    ###....
 Conjure Flame            Conj/Fire      #.......     77%         3    ####...
 Inner Flame              Hex/Fire       #.......     77%         3    ####...
 Sticky Flame             Conj/Fire      #.......     99%         4    #####..
 Fireball                 Conj/Fire      #.........   100%        5    ######.


Dungeon Overview and Level Annotations

Branches:
Dungeon (11/15)            Temple (1/1) D:4            Lair (2/6) D:11
 Shoals (0/4) Lair:2       Spider (0/4) Lair:2          Orc (0/2) D:10

Altars:
Ashenzari
Cheibriados
Dithmenos
Elyvilon
Gozag
Kikubaaqudgha
Makhleb
Okawaru
Qazlal
Ru
Sif Muna
Trog
Uskayaw
Vehumet
Wu Jian
Xom
Yredelemnul
Beogh
Jiyva

Shops:
D:4 :   D:10 =

Annotations:
D:6 Duvessa


Innate Abilities, Weirdness & Mutations

You are too large for most types of armour.
You have claws for hands.
Your metabolism is lightning-fast.
You like to eat raw meat.
Your natural rate of healing is unusually fast.
You are covered in fur. (AC +1)
You have extremely tough skin. (AC +3)
You have a pair of small antennae on your head.
You have large cloven feet.
Your mind is acute. (Int +2)
Your flesh is cold resistant. (rC+)
Your body has grown golden eyes which may confuse attackers. (Acc +3)
You expend magic power (3 MP) to strengthen your wands.


Message History

You kick the rime drake, but do no damage.
The rime drake closely misses you.
You barely miss the rime drake.
The rime drake bites you but does no damage.
You closely miss the rime drake.
You kick the rime drake, but do no damage.
The rime drake breathes ice at you. The flash freeze hits you!
You partially resist.
You are encased in ice.
You take 14 damage, and have 112/126 hp.
You scratch the rime drake. The rime drake bites you.
You take 2 damage, and have 110/126 hp.
You mangle the rime drake!!
You kill the rime drake!
The ice encasing you melts away.
Eating a chunk of flesh {@w0}.
You eat the chunk of flesh {@w0}.
This raw flesh tastes great.
The jelly hits the plant.
The plant is splashed with acid!
The acid corrodes the plant!
You hear a series of splatters.
Found an escape hatch in the ceiling.
Found a stone staircase leading up.
Health restored: 126 Jiyva gurgles merrily.
You swap places.
Jiyva's power touches on your attributes.
You feel clever.
You feel weaker.
The jelly hits the fungus.
The fungus is splashed with acid.
The acid corrodes the fungus!
The jelly oozes through a web.
A wolf spider comes into view.
Found a hole to the Spider Nest.
A wolf spider and a jumping spider come into view.
The wolf spider hisses angrily. x2; You hear an angry hiss.
A wolf spider comes into view.
The jumping spider hisses angrily.
A redback comes into view.
Jiyva gurgles merrily.
Jiyva's power touches on your attributes.
You feel agile.
You feel stupid.
The jumping spider leaps!
You scratch the wolf spider. You kick the wolf spider.
You closely miss the wolf spider. You kick the wolf spider.
Your claw misses the wolf spider. The wolf spider misses you.
The wolf spider bites you. The wolf spider misses you.
The wolf spider bites you but does no damage.
The eyeballs on your body gaze at the wolf spider.
You take 1 damage, and have 125/126 hp.
You mangle the wolf spider!! Your kick misses the wolf spider.
The wolf spider closely misses you.
The wolf spider bites you but does no damage.
Health restored: 126 You catch the helpless wolf spider completely off-guard!
You mangle the wolf spider!!
You kick the wolf spider, but do no damage.
The wolf spider hits you! The wolf spider bites you.
You are poisoned.
The wolf spider poisons you!
The wolf spider hits the wolf spider.
The wolf spider bites the wolf spider!
The wolf spider looks as sick as possible!
The wolf spider poisons the wolf spider!
You take 13 damage, and have 113/126 hp.
You claw the wolf spider!
You feel sick. The wolf spider misses you. The wolf spider closely misses you.
The wolf spider hits you! The wolf spider bites you.
You take 12 damage, and have 101/126 hp.
You mangle the wolf spider!!
You kill the wolf spider!
You feel sick. The wolf spider hits you! The wolf spider bites you.
You are more poisoned.
The wolf spider poisons you!
You take 16 damage, and have 85/126 hp.
You mangle the wolf spider!!
You feel sick. The wolf spider closely misses you. The wolf spider bites you.
The wolf spider hits you!! The wolf spider bites you.
You are more poisoned.
The wolf spider poisons you!
You take 29 damage, and have 56/126 hp.
MASSIVE DAMAGE!!
You claw the wolf spider! Your kick misses the wolf spider.
You feel very sick. The wolf spider hits you!
* * * LOW HITPOINT WARNING * * *
The wolf spider bites you!
* * * LOW HITPOINT WARNING * * *
The wolf spider hits you!!
* * * LOW HITPOINT WARNING * * *
The wolf spider barely misses you.
The wolf spider hits you but does no damage.
The wolf spider bites you.
* * * LOW HITPOINT WARNING * * *
You are more poisoned.
The wolf spider poisons you!
You take 53 damage, and have 3/126 hp.
MASSIVE DAMAGE!!
It was a potion of flight.
You feel very buoyant.
You fly up into the air.
You die...

...##.......#.##.#.J......#...^..
....#....#.....##.........P......
...#....#.#.P.#..................
....######........##........P....
...## ..####.#...#..#........#.#
..P.## >s.###J#...####.##......##
.....# ..s.^###...# ##.P##...#..#
##...##...s^##...## #..##...#..##
.#.#..##^^.ss##s@# #...#...#...#
..#.#..##.^^^.##s## #...........#
.JJ.....###^^^.s..###.....#......
.....#...####^.......#....#.....#
....PP...##.##.....##..#####...##
J#.......###.#.........# #.....
.##..............#.....## ##.....
JP..###.####....###.....###......
....# ### ##...# #####..........


You could see 2 wolf spiders and a jumping spider.

Vanquished Creatures
  Josephine (D:11)
  A wolf spider (Lair:2)
  A manticore (D:11)
  A black mamba (Lair:1)
  A spiny frog (Lair:1)
  A rime drake (Lair:2)
  3 komodo dragons
  A gargoyle (D:11)
  3 trolls
  8 blink frogs
  5 hippogriffs
  6 wyverns
  5 wraiths (D:11)
  5 yaks
  2 basilisks
  Menkaure (D:7)
  5 water moccasins
  A porcupine (Lair:1)
  4 black bears
  A swamp drake (D:11)
  A sky beast (D:8)
  3 ice beasts
  5 orc warriors (D:10)
  2 phantoms
  4 ogres
  14 wolves (Lair:1)
  6 centaurs
  6 crocodiles
  10 gnoll sergeants
  5 bullfrogs
  A water moccasin zombie (D:11)
  2 scorpions
  6 wights
  4 killer bees (D:8)
  A howler monkey (D:8)
  3 crimson imps
  A centaur zombie (D:9)
  3 gnoll shamans (Bailey)
  8 orc priests
  Crazy Yiuf (D:3)
  8 hounds
  A quasit (D:7)
  A centaur skeleton (D:5)
  4 iguanas
  7 orc wizards
  9 worker ants
  A killer bee zombie (D:5)
  A worker ant zombie (D:11)
  17 gnolls
  11 adders
  A shadow imp (D:11)
  An adder zombie (D:5)
  3 dart slugs
  10 leopard geckos
  39 orcs
  A ball python (D:3)
  4 giant cockroaches
  4 goblins
  4 hobgoblins
  11 jackals
  4 kobolds
  4 quokkas
  7 bats
  8 frilled lizards
  A jackal skeleton (D:5)
  A quokka zombie (D:5)
  5 rats
  A bush (D:1)
311 creatures vanquished.

Vanquished Creatures (others)
  5 slime creatures
  A blink frog (Lair:1)
  2 yaks (Lair:2)
  A wyvern (D:11)
  A hungry ghost (D:11)
  6 swamp worms (D:9)
  A porcupine (Lair:1)
  An ice beast (D:11)
  A sky beast (D:11)
  An eye of draining (D:11)
  A phantom (D:11)
  3 wolves (Lair:1)
  5 centaurs
  4 bullfrogs
  49 jellies
  3 killer bees (D:9)
  A wight (D:11)
  2 centaur zombies
  3 howler monkeys
  2 orc priests (D:10)
  A bullfrog skeleton (D:10)
  2 hounds
  3 gnoll shamans (Bailey)
  An iguana (D:8)
  4 orc wizards (D:4)
  Ijyb (D:5)
  3 worker ants
  A hound skeleton (D:5)
  An adder (D:10)
  7 gnolls
  A worm (D:6)
  A leopard gecko (D:8)
  12 orcs
  A giant cockroach (D:4)
  2 frilled lizards (D:8)
  A leopard gecko zombie (D:6)
  7 fungi
  4 plants (D:9)
146 creatures vanquished.

Grand Total: 457 creatures vanquished

Notes
Turn   | Place    | Note
-------+----------+-------------------------------------------
     0 | D:1      | drasked the Troll Monk began the quest for the Orb.
     0 | D:1      | Reached XP level 1. HP: 22/22 MP: 0/0
   215 | D:1      | Reached XP level 2. HP: 29/29 MP: 1/1
   766 | D:1      | Reached XP level 3. HP: 35/36 MP: 2/2
  1120 | D:2      | Reached skill level 4 in Unarmed Combat
  1721 | D:3      | Reached skill level 3 in Fighting
  1847 | D:3      | Noticed a scorpion
  1855 | D:3      | Killed a scorpion
  1855 | D:3      | Reached XP level 4. HP: 28/45 MP: 3/3
  1864 | D:3      | HP: 11/45 [orc priest/nerve-wracking pain (4)]
  1869 | D:3      | HP: 10/45 [poisoned by a scorpion]
  1873 | D:3      | Reached skill level 5 in Unarmed Combat
  1873 | D:3      | Reached XP level 5. HP: 9/53 MP: 4/4
  1874 | D:3      | HP: 9/53 [poisoned by a scorpion]
  1880 | D:3      | HP: 10/53 [poisoned by a scorpion]
  1888 | D:3      | HP: 13/53 [poisoned by a scorpion]
  2090 | D:3      | HP: 4/53 [orc priest/divine providence (14)]
  2094 | D:3      | HP: 1/53 [orc/+0 whip (3)]
  2102 | D:3      | HP: 12/79 [adder (4)]
  2108 | D:3      | HP: 9/79 [poisoned by an adder]
  2114 | D:3      | HP: 7/53 [poisoned by an adder]
  2119 | D:3      | HP: 7/53 [jackal (1)]
  2127 | D:3      | HP: 6/53 [poisoned by an adder]
  2420 | D:3      | Found a stormy altar of Qazlal.
  2433 | D:3      | Found a runed translucent door.
  2434 | D:3      | Noticed Crazy Yiuf
  2450 | D:3      | Killed Crazy Yiuf
  2745 | D:3      | Reached XP level 6. HP: 61/62 MP: 5/5
  3158 | D:4      | Found a staircase to the Ecumenical Temple.
  3164 | D:4      | Found a burning altar of Makhleb.
  3170 | Temple   | Entered the Ecumenical Temple
  3192 | Temple   | meem: I am meem, an upgrade of beem built by MalcolmRose
                  | (check out Malcolm's DCSS vids and other projects at
                  | http://youtube.com/malcolmrosegaming). To have me follow
                  | you in your games, type !subscribemeem - to make me go away
                  | forever, type !quitmeem - For help, type: !meem
  3192 | Temple   | Became a worshipper of Jiyva Juom the Shapeless
  3192 | Temple   | Reached * piety under Jiyva
  3192 | Temple   | Reached ** piety under Jiyva
  3283 | D:4      | Reached skill level 6 in Unarmed Combat
  3296 | D:4      | Reached skill level 4 in Fighting
  3404 | D:4      | Reached XP level 7. HP: 42/70 MP: 6/6
  3443 | D:4      | Reached *** piety under Jiyva
  3462 | D:4      | Gained mutation: Your spells are a little harder to cast,
                  | but a little more powerful. [Jiyva's grace]
  3532 | D:4      | Found a bloodstained altar of Trog.
  3576 | D:4      | Reached skill level 7 in Unarmed Combat
  3576 | D:4      | Reached **** piety under Jiyva
  3598 | D:4      | Found Soec's Book Emporium.
  4007 | D:5      | Entered Level 5 of the Dungeon
  4075 | D:5      | Killed Ijyb
  4087 | D:5      | HP: 3/71 [centaur/arrow (15)]
  4268 | D:5      | HP: 12/71 [ogre/+0 giant club (18)]
  4414 | D:5      | Reached skill level 8 in Unarmed Combat
  4418 | D:5      | Reached skill level 5 in Fighting
  4418 | D:5      | Reached XP level 8. HP: 33/80 MP: 7/7
  4423 | D:5      | Lost mutation: Your spells are a little harder to cast, but
                  | a little more powerful. [Jiyva's grace]
  4423 | D:5      | Reached ***** piety under Jiyva
  4981 | D:6      | Found a shattered altar of Ashenzari.
  4981 | D:6      | Noticed Duvessa
  4981 | D:6      | Noticed Dowan
  4991 | D:6      | Slimified Duvessa
  4991 | D:6      | Noticed Duvessa
  4991 | D:6      | Duvessa changed into Duvessa the ooze
  5015 | D:6      | Slimified Dowan
  5015 | D:6      | Noticed Dowan
  5015 | D:6      | Dowan changed into Dowan the jelly
  5065 | D:6      | Killed Dowan the jelly
  5228 | D:7      | Reached skill level 9 in Unarmed Combat
  5334 | D:7      | Found a shimmering altar of Xom.
  5481 | D:7      | Noticed a hippogriff
  5493 | D:7      | Killed a hippogriff
  5493 | D:7      | Reached skill level 6 in Fighting
  5493 | D:7      | Reached skill level 10 in Unarmed Combat
  5559 | D:7      | Gained mutation: You are agile. (Dex +2) [Jiyva's grace]
  5639 | D:7      | Noticed Menkaure
  5647 | D:7      | Killed Menkaure
  5647 | D:7      | Reached XP level 9. HP: 89/89 MP: 8/8
  6114 | D:8      | HP: 20/89 [orc warrior/+0 short sword (10)]
  6119 | D:8      | Gained mutation: You have sharp toenails. [Jiyva's grace]
  6302 | D:8      | Lost mutation: You have sharp toenails. [Jiyva's grace]
  6700 | D:9      | Found a basalt altar of Yredelemnul.
  6725 | D:9      | Reached skill level 11 in Unarmed Combat
  6803 | D:9      | Found a flagged portal.
  6814 | D:9      | Got an encrusted spear
  6815 | D:9      | Identified the cursed +0 spear "Uxte" {pierce, Str+6} (You
                  | found it on level 9 of the Dungeon)
  6822 | Bailey   | Entered a bailey
  6915 | Bailey   | Gained mutation: You are robust. (+10% HP) [Jiyva's grace]
  6921 | Bailey   | HP: 13/101 [gnoll shaman/+0 halberd (14)]
  6925 | Bailey   | HP: 4/101 [gnoll shaman/+0 halberd (10)]
  6935 | Bailey   | HP: 11/101 [gnoll/cursed +0 trident (7)]
  6941 | Bailey   | HP: 7/101 [gnoll sergeant/cursed -1 halberd (2)]
  6946 | Bailey   | Reached ****** piety under Jiyva
  6947 | Bailey   | HP: 11/101 [gnoll sergeant/cursed -1 halberd (5)]
  6951 | Bailey   | Reached skill level 7 in Fighting
  6961 | Bailey   | Gained mutation: You have a pair of small antennae on your
                  | head. [Jiyva's grace]
  7087 | Bailey   | Gained mutation: You have a small jelly attached to you
                  | that senses nearby items. [Jiyva's grace]
  7189 | Bailey   | Gained mutation: Your muscles are strong. (Str +2) [Jiyva's
                  | grace]
  7292 | Bailey   | Found the +3 pair of gauntlets of War {Slay+5}
  7303 | Bailey   | Gained mutation: Your mind is acute. (Int +2) [Jiyva's
                  | grace]
  7858 | D:9      | Noticed a troll
  7866 | D:9      | Killed a troll
  7866 | D:9      | Reached XP level 10. HP: 75/112 MP: 9/9
  7924 | D:9      | Lost mutation: You are agile. (Dex +2) [Jiyva's grace]
  7993 | D:9      | Reached skill level 12 in Unarmed Combat
  8486 | D:10     | Entered Level 10 of the Dungeon
  8486 | D:10     | Found Jeohiov's Jewellery Shoppe.
  8486 | D:10     | Noticed a cyclops
  8490 | D:9      | Slimified a cyclops
  8490 | D:9      | a cyclops changed into a slime creature
  8604 | D:10     | HP: 26/112 [orc warrior/+0 trident (21)]
  8787 | D:10     | Lost mutation: Your muscles are strong. (Str +2) [Jiyva's
                  | grace]
  8831 | D:10     | Gained mutation: Your body has grown golden eyes which may
                  | confuse attackers. (Acc +3) [Jiyva's grace]
  8880 | D:10     | Gained mutation: Armour fits poorly on your strangely
                  | shaped body. [Jiyva's grace]
  8881 | D:10     | Lost mutation: Armour fits poorly on your strangely shaped
                  | body. [Jiyva's power]
  8901 | D:10     | Lost mutation: You are robust. (+10% HP) [Jiyva's grace]
  8979 | D:10     | Found a roughly hewn altar of Beogh.
  8979 | D:10     | Found a staircase to the Orcish Mines.
  8994 | D:10     | Lost mutation: Your mind is acute. (Int +2) [Jiyva's grace]
  9106 | D:10     | Lost mutation: You have a pair of small antennae on your
                  | head. [Jiyva's grace]
  9385 | D:11     | Noticed a seven-headed hydra
  9525 | D:11     | Noticed a gargoyle
  9529 | D:11     | Killed a gargoyle
  9529 | D:11     | Reached skill level 8 in Fighting
  9656 | D:11     | Found a white marble altar of Elyvilon.
  9691 | D:11     | Reached skill level 13 in Unarmed Combat
  9792 | D:11     | Noticed Josephine
  9804 | D:11     | Killed Josephine
  9819 | D:11     | HP: 20/106 [seven-headed hydra (11)]
  9820 | D:11     | Slimified a seven-headed hydra
  9820 | D:11     | Noticed an acid blob
  9820 | D:11     | a seven-headed hydra changed into an acid blob
  9827 | D:11     | Gained mutation: Your mind is acute. (Int +2) [Jiyva's
                  | grace]
  9962 | D:11     | Reached XP level 11. HP: 79/113 MP: 10/10
 10026 | D:11     | Gained mutation: You have a pair of small antennae on your
                  | head. [Jiyva's grace]
 10435 | D:11     | Reached skill level 14 in Unarmed Combat
 10443 | D:11     | Reached skill level 9 in Fighting
 10665 | D:11     | Found a staircase to the Lair.
 10673 | Lair:1   | Entered Level 1 of the Lair of Beasts
 10960 | Lair:1   | HP: 28/115 [poisoned by a spiny frog]
 10965 | Lair:1   | HP: 23/115 [poisoned by a spiny frog]
 10970 | Lair:1   | HP: 21/115 [poisoned by a spiny frog]
 11138 | Lair:1   | Gained mutation: You expend magic power (3 MP) to
                  | strengthen your wands. [Jiyva's grace]
 11204 | Lair:1   | Lost mutation: You have a small jelly attached to you that
                  | senses nearby items. [Jiyva's grace]
 11640 | Lair:1   | Reached skill level 15 in Unarmed Combat
 11749 | Lair:1   | HP: 26/117 [wolf (5)]
 11756 | Lair:1   | HP: 27/117 [wolf (7)]
 11761 | Lair:1   | HP: 17/117 [wolf (10)]
 11852 | Lair:1   | Gained mutation: Your flesh is cold resistant. (rC+)
                  | [Jiyva's grace]
 12082 | Lair:2   | Found a staircase to the Shoals.
 12123 | Lair:2   | Gained mutation: You have large cloven feet. [Jiyva's
                  | grace]
 12169 | Lair:2   | Found a snail-covered altar of Cheibriados.
 12223 | Lair:2   | Noticed a six-headed hydra
 12233 | Lair:2   | Slimified a six-headed hydra
 12233 | Lair:2   | a six-headed hydra changed into a slime creature
 12279 | Lair:2   | Reached XP level 12. HP: 58/126 MP: 11/11
 12397 | Lair:2   | Reached skill level 10 in Fighting
 12661 | Lair:2   | Found a hole to the Spider Nest.
 12675 | Lair:2   | HP: 30/126 [wolf spider (7)]
 12675 | Lair:2   | HP: 8/126 [wolf spider (22)]
 12675 | Lair:2   | HP: 3/126 [wolf spider (5)]
 12676 | Lair:2   | Succumbed to a wolf spider's poison

Levels and vault maps discovered:
D:1:      dpeg_arrival_oval, layout_loops_ring, minmay_hedge_maze,
          minmay_close_crescents
D:2:      layout_loops_corners
D:3:      layout_basic, lemuel_crystal_altar, first_ration,
          uniq_crazy_yiuf_cottage
D:4:      layout_basic, bloody_trog, bloody_makhleb, temple_statues,
          serial_shops, shop, minmay_manual_mares
D:5:      layout_rooms, uniq_ijyb
D:6:      cheibrodos_two_vegetables, layout_basic, old_standard_altar,
          minmay_overflow_temple_star_hex, uniq_pikel, uniq_duvessa
D:7:      layout_basic, kennysheep_mini_moat, dk_noncrumbling_4, uniq_menkaure
D:8:      layout_basic, grunt_ogre_cave, chequers_avenue, minmay_lizard_king
D:9:      layout_layer_cave, old_standard_altar, enter_bailey_2, worms_lemuel
D:10:     layout_loops_cross, david_orc_5, serial_shops, nicolae_shop_trees
D:11:     layout_loops_ring, erik_lair_dragon, elyvilon_altar_1, uniq_josephine
Temple:   pf_slimified_temple
Lair:1:   layout_regular_city, grunt_megastairs_3
Lair:2:   layout_misc_corridors, minmay_shoals_entry_centaurs,
          spider_nest_entry_funnel_web, basic_altar, minmay_holes

Skill      XL: |  1  2  3  4  5  6  7  8  9 10 11 12 |
---------------+-------------------------------------+-----
Unarmed Combat | 4 5 6 8 10 11 13 15 | 15.6
Fighting       | 3 4 5 6 7 8 9 10 | 10.0
Dodging        | |  2.4
Stealth        | |  1.0

Action                   |  1- 3 |  4- 6 |  7- 9 | 10-12 || total
-------------------------+-------+-------+-------+-------++-------
Melee: Unarmed           |   133 |   106 |   329 |   484 ||  1052
       Punch             |     8 |     3 |    12 |    48 ||    71
       Kick              |       |       |     4 |    19 ||    23
Throw: Throwing net      |       |       |       |     1 ||     1
Invok: Slimify           |       |       |     3 |     5 ||     8
       Cure Bad Mutation |       |       |       |     1 ||     1
  Use: Potion            |       |     3 |     5 |     3 ||    11
       Scroll            |       |       |    12 |     2 ||    14
 Stab: Sleeping          |     4 |       |     3 |     3 ||    10
       Confused          |       |       |       |     8 ||     8
  Eat: Chunk             |    19 |    17 |    19 |    23 ||    78
Armor: Robe              |    46 |    28 |   112 |   109 ||   295
Dodge: Dodged            |    66 |    59 |   179 |   237 ||   541

Table legend:
 A = Non-vault XP
 B = Vault XP
 C = Vault XP percentage of total XP
 D = Non-vault monster count
 E = Vault monster count
 F = Vault count percentage of total count
                 A         B        C        D         E       F
            +---------+---------+-------+---------+---------+-------
      Total |   17521 |    5790 |  24.8 |     256 |      56 |  17.9
            +---------+---------+-------+---------+---------+-------
        D:1 |      39 |       2 |   4.9 |      22 |       2 |   8.3
        D:2 |      23 |       0 |   0.0 |       6 |       0 |   0.0
        D:3 |     279 |      42 |  13.1 |      29 |       1 |   3.3
        D:4 |     420 |     110 |  20.8 |      15 |       1 |   6.2
        D:5 |     556 |       0 |   0.0 |      21 |       0 |   0.0
        D:6 |     411 |       0 |   0.0 |      10 |       0 |   0.0
        D:7 |     908 |     169 |  15.7 |      12 |       1 |   7.7
        D:8 |     697 |     154 |  18.1 |      15 |       3 |  16.7
        D:9 |    1061 |       0 |   0.0 |      17 |       0 |   0.0
       D:10 |    1250 |     649 |  34.2 |      25 |      13 |  34.2
       D:11 |    3080 |    3108 |  50.2 |      37 |      12 |  24.5
     Lair:1 |    5690 |      88 |   1.5 |      32 |       1 |   3.0
     Lair:2 |    3107 |     580 |  15.7 |      15 |       1 |   6.2
     Bailey |       0 |     888 | 100.0 |       0 |      21 | 100.0
            +---------+---------+-------+---------+---------+-------

Levels and vault maps discovered:
D:1:      dpeg_arrival_oval, layout_loops_ring, minmay_hedge_maze,
          minmay_close_crescents
D:2:      layout_loops_corners
D:3:      layout_basic, lemuel_crystal_altar, first_ration,
          uniq_crazy_yiuf_cottage
D:4:      layout_basic, bloody_trog, bloody_makhleb, temple_statues,
          serial_shops, shop, minmay_manual_mares
D:5:      layout_rooms, uniq_ijyb
D:6:      cheibrodos_two_vegetables, layout_basic, old_standard_altar,
          minmay_overflow_temple_star_hex, uniq_pikel, uniq_duvessa
D:7:      layout_basic, kennysheep_mini_moat, dk_noncrumbling_4, uniq_menkaure
D:8:      layout_basic, grunt_ogre_cave, chequers_avenue, minmay_lizard_king
D:9:      layout_layer_cave, old_standard_altar, enter_bailey_2, worms_lemuel
D:10:     layout_loops_cross, david_orc_5, serial_shops, nicolae_shop_trees
D:11:     layout_loops_ring, erik_lair_dragon, elyvilon_altar_1, uniq_josephine
Temple:   pf_slimified_temple
Lair:1:   layout_regular_city, grunt_megastairs_3
Lair:2:   layout_misc_corridors, minmay_shoals_entry_centaurs,
          spider_nest_entry_funnel_web, basic_altar, minmay_holes

Table legend:
 A = Turns spent in this place as a percentage of turns spent in the entire game.
 B = Non-inter-level travel turns spent in this place as a percentage of non-inter-level travel turns spent in the entire game.
 C = Inter-level travel turns spent in this place as a percentage of turns spent in this place.
 D = Turns resting spent in this place as a percentage of non-inter-level travel turns spent in this place.
 E = Turns spent auto-exploring this place as a percentage of non-inter-level travel turns spent in this place.
 F = Non-inter-level travel turns spent in this place divided by the number of levels of this place that you've seen.
                   A       B       C       D       E      F
               +-------+-------+-------+-------+-------+----------------------
         Total | 100.0 | 100.0 |   2.7 |  14.4 |  56.7 | 822.6
       Dungeon |  78.4 |  78.1 |   3.0 |  11.6 |  62.8 | 875.7
        Temple |   0.6 |   0.6 |   0.0 |   0.0 |   0.0 |  71.0
          Lair |  15.8 |  16.0 |   1.7 |  28.4 |  40.7 | 984.5
        Bailey |   5.3 |   5.4 |   0.0 |  15.8 |  20.6 | 666.0
               +-------+-------+-------+-------+-------+----------------------

Table legend:
 A = Kills in this place as a percentage of kills in entire the game.
 B = Kills by you in this place as a percentage of kills by you in the entire game.
 C = Kills by friends in this place as a percentage of kills by friends in the entire game.
 D = Other kills in this place as a percentage of other kills in the entire game.
 E = Experience gained in this place as a percentage of experience gained in the entire game.
 F = Experience gained in this place divided by the number of levels of this place that you have seen.
                   A       B       C       D       E      F
               +-------+-------+-------+-------+-------+----------------------
         Total | 100.0 | 100.0 |   N/A | 100.0 | 100.0 | 1554.1
       Dungeon |  77.6 |  77.3 |   N/A | 100.0 |  55.6 | 1178.0
          Lair |  15.7 |  15.9 |   N/A |   0.0 |  40.6 | 4732.5
        Bailey |   6.7 |   6.8 |   N/A |   0.0 |   3.8 | 888.0
               +-------+-------+-------+-------+-------+----------------------
